Unix NetHack Version 5.0.0-0 post-release - last build Jul 19 2026 19:10:59 (3aa4ab31751d3886436d94b585a96704892fd477,branch:main).

Game began 2026-07-25 01:39:20, ended 2026-07-25 01:45:49.

Jinnora, neutral female human Tourist

                                                   --------
                                              #####........#
         ----------     -----      ------   ###    |......|##    ----------
         |.........#### |...|      |.....####      |.......####  |........|
         |........| ####|....######|....|          ----.--- #### |........|
         |........|    #|...|     #|.....#             #    #### |........|
         |.........    #|....#    #-.----#             # ####  # |........|
         -.--------    #|.{.|#    #########       ############ ##.........|
          ##           #-----#      #    #        #########  #   -------|--
           #           ########    ### #####       #         #          #
           #                 #      #    ###     #####       #          #
           ##                #      #     #      ### #       #          #
            #                #      #     #    --.---.-----  ##        ##
       -----|-              ##      ##    #    |..........|   ####  ---.-
       |...@@|              #--------.-- ######...........|  #######....|
       |)))m)|              #|...(......##  #  |.<........|      #  |...|
       |))]))|              #.>........|       |..........|         ....|
       |)))])|               |.........|       ...........|         -----
       -------               -----------       ------------

Jinnora the Rambler         St:12 Dx:13 Co:16 In:11 Wi:8 Ch:14  Neutral
Dlvl:3  $:602 HP:0(10) Pw:3(3) AC:7  Xp:1/16 T:1311 

Latest messages:
 Unlock it with your lock pick? [ynq] (q) y
 You succeed in picking the lock.
 You trigger a trap!
 Suddenly you are frozen in place!
 You hear water falling on coins.
 You can move again.
 The chest is empty.
 You stop.  Your kitten is in the way!
 You descend the stairs.
 The kitten bites the newt.
 The newt is killed!
 You see here a newt corpse.
 There is a newt corpse here; eat it? [ynq] (n) y
 This newt corpse is tough.
 You finish eating the newt corpse.
 You feel a mild buzz.
 You climb up the stairs.
 You see here an empty unlocked chest.
 The grid bug bites!
 You get zapped!
 The kitten misses the grid bug.
 The kitten misses the grid bug.
 The kitten misses the grid bug.
 The kitten bites the grid bug.
 The kitten misses the grid bug.
 You swap places with your kitten.
 The kitten misses the grid bug.
 The kitten bites the grid bug.
 The grid bug is killed!
 You stop.  Your kitten is in the way!
 You swap places with your kitten.
 You swap places with your kitten.
 You swap places with your kitten.
 You find a hidden door.
 In what direction? 6
 As you kick the door, it crashes open!
 That door is closed.
 In what direction? 2
 The door resists!
 In what direction? 2
 The door opens.
 "Aloha, Jinnora!  Welcome to Jumilhac's antique weapons outlet!"
 You find a small mimic.
 The small mimic hits!
 You already found a monster.  Use 'm' prefix to force another search.
 You stop.  Your kitten is in the way!
 The small mimic hits!
 You die...
 Jumilhac gratefully inherits all your possessions.
 Do you want to see what you had when you died? [ynq] (y) q

Inventory:
 Coins    ('$')
  $ - 602 gold pieces
 Weapons  (')')
  a - 38 uncursed +2 darts (at the ready)
  p - 9 uncursed +0 darts
 Armor    ('[')
  r - an uncursed +1 orcish helm (being worn)
  q - an uncursed +0 pair of kicking boots (being worn)
  i - an uncursed +0 Hawaiian shirt with a sailboat motif (being worn)
 Comestibles  ('%')
  b - an uncursed candy bar labeled "Chocolate Nuggie"
  d - 6 uncursed food rations
  e - an uncursed fortune cookie
  c - 3 uncursed tripe rations
  t - an uncursed lichen corpse
 Scrolls  ('?')
  u - an uncursed scroll of amnesia
  o - an uncursed scroll of enchant weapon
  h - a blessed scroll of magic mapping
  g - 3 uncursed scrolls of magic mapping
 Potions  ('!')
  f - 2 uncursed potions of extra healing
  l - a potion of holy water
 Tools    ('(')
  n - an uncursed wooden harp
  k - an uncursed credit card
  j - an uncursed expensive camera (0:80)
  m - an uncursed lock pick

Jinnora the Tourist's attributes:

Background:
 You were a Rambler, a level 1 female human Tourist.
 You were neutral, nominally on a mission for The Lady
 who was opposed by Blind Io (lawful) and Offler (chaotic).
 You were right-handed.
 You were in the Dungeons of Doom, on level 3.
 You entered the dungeon 1311 turns ago.
 It was nighttime.
 You had 16 experience points, 4 more were needed to attain level 2.

Basics:
 You had 0 out of 10 hit points.
 You had all 3 energy points (spell power).
 Your armor class was 7.
 Your wallet contained 602 zorkmids.
 Autopickup was off.

Final Characteristics:
 Your strength was 12 (limit:18/100).
 Your dexterity was 13 (limit:18).
 Your constitution was 16 (limit:18).
 Your intelligence was 11 (limit:18).
 Your wisdom was 8 (limit:18).
 Your charisma was 14 (limit:18).

Final Status:
 You weren't hungry.
 You were unencumbered.
 You were bare handed.
 You were unskilled in bare handed combat.

Final Attributes:
 You were nominally aligned.
 You are dead.

Miscellaneous:
 You didn't encounter any bones levels.
 Total elapsed playing time was 6 minutes and 28 seconds.

Major events:
 Turn
    1: Jinnora the neutral female human Tourist entered the dungeon
  463: entered the Gnomish Mines
 1311: killed by a small mimic

You didn't know any spells.

Skills:
 Fighting Skills
   bare handed combat [Unskilled]
   two weapon combat  [Unskilled]
   riding             [Unskilled]
 Weapon Skills
   dagger             [Unskilled]
   knife              [Unskilled]
   axe                [Unskilled]
   pick-axe           [Unskilled]
   short sword        [Unskilled]
   broadsword         [Unskilled]
   long sword         [Unskilled]
   two-handed sword   [Unskilled]
   saber              [Unskilled]
   mace               [Unskilled]
   morning star       [Unskilled]
   flail              [Unskilled]
   hammer             [Unskilled]
   quarterstaff       [Unskilled]
   polearms           [Unskilled]
   spear              [Unskilled]
   trident            [Unskilled]
   lance              [Unskilled]
   bow                [Unskilled]
   sling              [Unskilled]
   crossbow           [Unskilled]
   dart               [Basic]
   shuriken           [Unskilled]
   boomerang          [Unskilled]
   whip               [Unskilled]
   unicorn horn       [Unskilled]
 Spellcasting Skills
   divination spells  [Unskilled]
   enchantment spells [Unskilled]
   escape spells      [Unskilled]

Voluntary challenges:
 Character rerolling was not enabled.
 You were an atheist.
 You never hit with a wielded weapon.
 You were illiterate.
 You never genocided any monsters.
 You never polymorphed an object.
 You never changed form.
 You used no wishes.
Achievements:
 You entered the Gnomish Mines.
 You entered a shop.

 The Dungeons of Doom: levels 1 to 4
    Level 1:
       Some fountains, a grave.
    Level 2:
       Some fountains.
       Stairs down to The Gnomish Mines.
    Level 3: <- You were here.
       A weapon shop, a fountain.
       Final resting place for
          you, killed by a small mimic.
    Level 4:
       A fountain.
 The Gnomish Mines:
    Level 3:


Vanquished creatures:
  a brown mold
  a gecko
  a kobold
  2 goblins
  a sewer rat
  3 grid bugs
  a lichen
  5 newts
15 creatures vanquished.

No species were genocided or became extinct.

Game over:
                       ----------
                      /          \
                     /    REST    \
                    /      IN      \
                   /     PEACE      \
                  /                  \
                  |     Jinnora      |
                  |      602 Au      |
                  |   killed by a    |
                  |   small mimic    |
                  |                  |
                  |                  |
                  |       2026       |
                 *|     *  *  *      | *
        _________)/\\_//(\/(/\)/\//\/|_)_______

Aloha Jinnora the Tourist...

You died in The Dungeons of Doom on dungeon level 3 with 232 points,
and 602 pieces of gold, after 1311 moves.
You were level 1 with a maximum of 10 hit points when you died.

